 Dungeon Crawl Stone Soup version 0.22-a0-91-g23542c2 (webtiles) character file.

409 KristoblXynda the Ruffian (level 6, 0/51 HPs)
             Began as a Draconian Monk on Jan 22, 2018.
             Was an Initiate of Ru.
             Killed by divine providence
             ... invoked by an orc priest
              (10 damage)
             ... on level 4 of the Dungeon.
             The game lasted 00:06:40 (3316 turns).

KristoblXynda the Ruffian (Draconian Monk)          Turns: 3316, Time: 00:06:41

Health: 0/51       AC:  9    Str: 13 (14) XL:     6   Next: 58%
Magic:  6/6        EV: 12    Int: 14 (16) God:    Ru [......]
Gold:   126        SH:  3    Dex: 10 (13) Spells: 5/5 levels left

rFire    . . .     SeeInvis .     - Unarmed
rCold    . . .     Gourm    .   q - +0 buckler
rNeg     . . .     Faith    .   (armour unavailable)
rPois    .         Spirit   .   (helmet restricted)
rElec    .         Reflect  .   (no cloak)
rCorr    .         Harm     .   (no gloves)
MR       .....                  c - +0 pair of boots
Stlth    ..........             (no amulet)
HPRegen  0.17/turn              h - +2 ring of protection
MPRegen  0.10/turn              n - +4 ring of intelligence

@: no status effects
A: unfitting armour, cold-blooded, no stealth, AC +6
a: Renounce Religion


You were on level 4 of the Dungeon.
You worshipped Ru.
Ru was noncommittal.
You were hungry.

You visited 1 branch of the dungeon, and saw 4 of its levels.

You collected 126 gold pieces.

Inventory:

Armour
 c - a +0 pair of boots (worn)
 q - a +0 buckler (worn)
Jewellery
 h - a +2 ring of protection (left hand)
 n - a +4 ring of intelligence (right hand)
Wands
 p - a wand of clouds (5)
Scrolls
 d - a scroll of amnesia {unknown}
 e - 5 scrolls of identify
 f - 3 scrolls of enchant weapon
 g - a scroll of noise
 i - a scroll of teleportation {unknown}
 j - a scroll of blinking {unknown}
 k - 2 scrolls of remove curse {unknown}
 l - a scroll of enchant armour {unknown}
 o - a scroll of fog {unknown}
Potions
 b - 2 potions of magic
 m - a potion of degeneration
Comestibles
 a - 7 rations


   Skills:
 - Level 3.2 Fighting
 + Level 4.4 Dodging
 + Level 0.0 Shields
 + Level 6.3 Unarmed Combat
 + Level 0.9 Evocations


You had 5 spell levels left.
You didn't know any spells.

Dungeon Overview and Level Annotations

Branches:
Dungeon (4/15)
 Temple: D:4-7

Altars:
Fedhas
Hepliaklqana
Makhleb
Okawaru
Qazlal
Ru
Sif Muna
Vehumet
Wu Jian
Zin

Shops:
D:4 }


Innate Abilities, Weirdness & Mutations

Your plain brown scales are hard. (AC +6)
You cannot fit into any form of body armour.
You are cold-blooded and may be slowed by cold attacks.
You cannot be stealthy.


Message History

The orc wizard miscasts a cantrip.
The orc priest hits you but does no damage.
Okay, then.
Firing (i - inventory): No suitable missiles.
Press: ? - help, Shift-Dir - straight line, f - orc wizard
Aim: an orc wizard, wielding a dagger and wearing a robe
Okay, then.
As you read the scroll labeled BIT FATEOHASS, it crumbles to dust.
It is a scroll of identify.
f - 3 scrolls of enchant weapon The orc wizard hits you but does no damage.
The orc priest hits you but does no damage.
As you read the scroll labeled VEEQEE RODGH, it crumbles to dust.
You hear a loud clanging noise!
It was a scroll of noise.
You hear an angry hiss.
The orc wizard hits you but does no damage.
The orc priest mumbles some strange prayers to Beogh against you.
Beogh smites you!
You die...

#.#.# #...........
#.#.# #.........$.
#...# #...........
##..# #?......."..
#..# #...........
##.>####(..........
#..................
#....o........≈≈≈..
#...@o.......≈≈≈≈≈.
###†#######.#≈≈∩≈≈.
#.# #.#≈≈.≈≈. #.#
#.##≈.≈.. #†# #.#
#.... #.# .# ###
#.# #.# #..


You could see an orc priest and an orc wizard.

Vanquished Creatures
  Purgy (D:3)
  A quasit (D:4)
  A centaur skeleton (D:3)
  An orc priest (D:3)
  Jessica (D:3)
  An iguana (D:4)
  An orc wizard (D:3)
  A worker ant (D:4)
  An adder (D:3)
  A gnoll (D:1)
  3 oozes
  2 dart slugs (D:3)
  3 leopard geckos
  7 orcs
  3 giant cockroaches
  9 goblins
  4 hobgoblins
  8 jackals
  6 quokkas
  A ball python (D:4)
  6 bats
  5 frilled lizards
  6 kobolds
  7 rats
80 creatures vanquished.

Notes
Turn   | Place    | Note
-------+----------+-------------------------------------------
     0 | D:1      | KristoblXynda the Draconian Monk began the quest for the Orb.
     0 | D:1      | Reached XP level 1. HP: 19/19 MP: 1/1
    63 | D:1      | Reached XP level 2. HP: 10/26 MP: 2/2
   575 | D:1      | Reached XP level 3. HP: 27/31 MP: 3/3
   839 | D:2      | Reached skill level 4 in Unarmed Combat
  1150 | D:2      | Found a sacrificial altar of Ru.
  1168 | D:2      | Became a worshipper of Ru the Awakened
  1220 | D:2      | Found a glowing silver altar of Zin.
  1280 | D:2      | Gained mutation: You cannot be stealthy. [Ru sacrifice]
  1353 | D:2      | Found a deep blue altar of Sif Muna.
  1602 | D:2      | Found a hazy altar of Hepliaklqana.
  1607 | D:2      | Found a radiant altar of Vehumet.
  1609 | D:2      | Found an ornate altar of the Wu Jian Council.
  1610 | D:2      | Found a burning altar of Makhleb.
  1610 | D:2      | Found a blossoming altar of Fedhas.
  1610 | D:2      | Found a stormy altar of Qazlal.
  1611 | D:2      | Found an iron altar of Okawaru.
  1719 | D:3      | Reached XP level 4. HP: 38/38 MP: 4/4
  1797 | D:3      | Reached skill level 5 in Unarmed Combat
  1797 | D:3      | Reached XP level 5. HP: 38/45 MP: 5/5
  2036 | D:3      | Noticed Jessica
  2051 | D:3      | Killed Jessica
  2314 | D:3      | Noticed Purgy
  2353 | D:3      | Killed Purgy
  2353 | D:3      | Reached XP level 6. HP: 17/51 MP: 6/6
  2620 | D:3      | Reached skill level 6 in Unarmed Combat
  3192 | D:4      | Found Okis Hytisk's Gadget Emporium.
  3316 | D:4      | Killed from afar by an orc priest

Vault maps used:
D:1:      saegor_arrival_simple_b
D:2:      lemuel_coloured_pillars_altar, nicolae_overflow_crystal_walls,
          minitemple, first_ration, hangedman_ru_absence
D:3:      uniq_purgy, uniq_jessica
D:4:      serial_shops, nicolae_shop_waterfront

Skill      XL: |  1  2  3  4  5  6 |
---------------+-------------------+-----
Dodging        | 3 4 |  4.4
Unarmed Combat | 4 5 6 |  6.3
Stealth        | 0 |  0.0
Fighting       | |  3.2
Evocations     | |  0.9

Action                   |  1- 3 |  4- 6 || total
-------------------------+-------+-------++-------
Melee: Unarmed           |   138 |   183 ||   321
       Tailslap          |    14 |    24 ||    38
       Punch             |     3 |     3 ||     6
Invok: Sacrifice Stealth |     1 |       ||     1
  Use: Potion            |     1 |     3 ||     4
       Scroll            |       |     2 ||     2
 Stab: Sleeping          |     2 |       ||     2
  Eat: Chunk             |     2 |     2 ||     4
       Ration            |       |     1 ||     1
Armor: Skin              |    43 |    85 ||   128
Dodge: Dodged            |    86 |   152 ||   238
Block: Buckler           |       |     2 ||     2

Table legend:
 A = Spawn XP
 B = Non-spawn XP
 C = Spawn XP percentage of total XP
 D = Spawn monster count
 E = Non-spawn monster count
 F = Spawn count percentage of total count
 G = Total turns spent on level
                    A         B        C        D         E        F      G
               +---------+---------+-------+---------+---------+-------+---------
         Total |       0 |     585 |   0.0 |       0 |      80 |   0.0 |  3316
               +---------+---------+-------+---------+---------+-------+---------
           D:1 |       0 |      46 |   0.0 |       0 |      20 |   0.0 |   783
           D:2 |       0 |      29 |   0.0 |       0 |      17 |   0.0 |   904
           D:3 |       0 |     377 |   0.0 |       0 |      32 |   0.0 |  1372
           D:4 |       0 |     133 |   0.0 |       0 |      11 |   0.0 |   257
               +---------+---------+-------+---------+---------+-------+---------
